% Time on Ice - CALGARY FIREMEN
Lines # - Real PCT - Wanted PCT - Time Play
Normal Forward
1 - 30% - 33% - 16:21
2 - 28% - 32% - 14:58
3 - 27% - 25% - 14:20
4 - 15% - 10% - 8:04
Normal Defense
1 - 31% - 33% - 16:54
2 - 31% - 32% - 16:51
3 - 31% - 25% - 16:47
4 - 6% - 10% - 3:11
PP Forward
1 - 69% - 55% - 1:36
2 - 31% - 45% - 0:43
PP Defense
1 - 69% - 55% - 1:36
2 - 31% - 45% - 0:43
PK Forward
1 - 54% - 55% - 2:09
2 - 46% - 45% - 1:49
PK Defense
1 - 41% - 55% - 1:37
2 - 59% - 45% - 2:21
PK3 Forward
1 - 0% - 55%
2 - 0% - 45%
PK3 Defense
1 - 0% - 55%
2 - 0% - 45%
44 Forward
1 - 0% - 55%
2 - 0% - 45%
44 Defense
1 - 0% - 55%
2 - 0% - 45%
Last Minute Offensive  - 0:00
Last Minute Defensive  - 0:00
Total
Forward - 60:00
Defense - 60:00
% Time on Ice - COLORADO GLACIERCATS
Lines # - Real PCT - Wanted PCT - Time Play
Normal Forward
1 - 33% - 35% - 17:53
2 - 34% - 35% - 18:22
3 - 25% - 25% - 13:39
4 - 7% - 5% - 3:49
Normal Defense
1 - 36% - 37% - 19:24
2 - 34% - 35% - 18:31
3 - 26% - 23% - 14:07
4 - 3% - 5% - 1:41
PP Forward
1 - 53% - 50% - 2:06
2 - 47% - 50% - 1:52
PP Defense
1 - 59% - 60% - 2:21
2 - 41% - 40% - 1:37
PK Forward
1 - 52% - 50% - 1:12
2 - 48% - 50% - 1:07
PK Defense
1 - 45% - 50% - 1:02
2 - 55% - 50% - 1:17
PK3 Forward
1 - 0% - 50%
2 - 0% - 50%
PK3 Defense
1 - 0% - 50%
2 - 0% - 50%
44 Forward
1 - 0% - 50%
2 - 0% - 50%
44 Defense
1 - 0% - 45%
2 - 0% - 55%
Last Minute Offensive  - 0:00
Last Minute Defensive  - 0:00
Total
Forward - 60:00
Defense - 60:00
Play-by-Play 1st period 0:01 of 1st period - Filip Forsberg wins face-off versus Anze Kopitar in neutral zone. 0:08 of 1st period - Shot by Filip Forsberg. 0:08 of 1st period - Stopped by Andrei Vasilevskiy without a rebound. 0:09 of 1st period - Ryan Johansen wins face-off versus Leon Draisaitl in COLORADO GLACIERCATS zone. 0:38 of 1st period - Shot by Ryan Johansen. 0:38 of 1st period - Deflect By Mason Marchment. 0:38 of 1st period - Stopped by Andrei Vasilevskiy without a rebound. 0:39 of 1st period - Trevor Moore wins face-off versus Yakov Trenin in COLORADO GLACIERCATS zone. 1:02 of 1st period - Shot by Alexander Wennberg. 1:02 of 1st period - Shot Misses the Net. 1:04 of 1st period - Shot by Gustav Nyquist. 1:04 of 1st period - Deflect By Trevor Moore. 1:04 of 1st period - Stopped by Samuel Ersson with a rebound. 1:08 of 1st period - Shot by Alexander Wennberg. 1:08 of 1st period - Shot Misses the Net. 1:10 of 1st period - Shot by Kevin Shattenkirk. 1:10 of 1st period - Stopped by Samuel Ersson without a rebound. 1:11 of 1st period - Filip Forsberg wins face-off versus Anze Kopitar in CALGARY FIREMEN zone. 1:43 of 1st period - Shot by Jakob Silfverberg. 1:43 of 1st period - Shot Misses the Net. 1:49 of 1st period - Shot by Mattias Janmark-Nylen. 1:49 of 1st period - Deflect By Filip Forsberg. 1:49 of 1st period - Stopped by Andrei Vasilevskiy without a rebound. 1:50 of 1st period - Leon Draisaitl wins face-off versus Andrew Poturalski in COLORADO GLACIERCATS zone. 2:17 of 1st period - Shot by Bryan Rust. 2:17 of 1st period - Stopped by Samuel Ersson with a rebound. 2:19 of 1st period - Shot by Leon Draisaitl. 2:19 of 1st period - Shot Misses the Net. 2:21 of 1st period - Shot by Leon Draisaitl. 2:21 of 1st period - Shot Misses the Net. 2:23 of 1st period - Shot by Leon Draisaitl. 2:23 of 1st period - Stopped by Samuel Ersson without a rebound. 2:24 of 1st period - Ryan Johansen wins face-off versus Alexander Wennberg in CALGARY FIREMEN zone. 2:41 of 1st period - Shot by Gustav Nyquist. 2:41 of 1st period - Shot Blocked by Jacob Bryson. 2:48 of 1st period - Shot by Trevor Moore. 2:48 of 1st period - Stopped by Samuel Ersson without a rebound. 2:49 of 1st period - Anze Kopitar wins face-off versus Yakov Trenin in CALGARY FIREMEN zone. 2:51 of 1st period - Tage Thompson is hit by Joel Edmundson and loses puck. 3:04 of 1st period - Shot by Yakov Trenin. 3:04 of 1st period - Deflect By Liam Foudy. 3:04 of 1st period - Shot Misses the Net. 3:07 of 1st period - Icing by Anze Kopitar. 3:08 of 1st period - Filip Forsberg wins face-off versus Anze Kopitar in COLORADO GLACIERCATS zone. 3:18 of 1st period - Filip Forsberg is hit by Mario Ferraro and loses puck. 3:44 of 1st period - Icing by Jordan Oesterle. 3:45 of 1st period - Filip Forsberg wins face-off versus Tomas Hertl in CALGARY FIREMEN zone. 3:45 of 1st period - Jakob Silfverberg is hit by Tomas Hertl and loses puck. 4:16 of 1st period - Shot by Leon Draisaitl. 4:16 of 1st period - Shot Misses the Net. 4:18 of 1st period - Shot by Tomas Hertl. 4:18 of 1st period - Goal by Tomas Hertl - CALGARY FIREMEN : 0 - COLORADO GLACIERCATS : 1. 4:19 of 1st period - Ryan Johansen wins face-off versus Alexander Wennberg in neutral zone. 4:46 of 1st period - Shot by Gustav Nyquist. 4:46 of 1st period - Shot Blocked by Jake McCabe. 4:48 of 1st period - Shot by Devon Toews. 4:48 of 1st period - Goal by Devon Toews - CALGARY FIREMEN : 0 - COLORADO GLACIERCATS : 2. 4:49 of 1st period - Nic Dowd wins face-off versus Yakov Trenin in neutral zone. 5:06 of 1st period - Shot by Nic Dowd. 5:06 of 1st period - Stopped by Samuel Ersson without a rebound. 5:07 of 1st period - Anze Kopitar wins face-off versus Brett Howden in CALGARY FIREMEN zone. 5:29 of 1st period - Shot by Tage Thompson. 5:29 of 1st period - Stopped by Samuel Ersson without a rebound. 5:30 of 1st period - Leon Draisaitl wins face-off versus Ryan Johansen in CALGARY FIREMEN zone. 5:44 of 1st period - Shot by Bryan Rust. 5:44 of 1st period - Stopped by Samuel Ersson without a rebound. 5:45 of 1st period - Alexander Wennberg wins face-off versus Yakov Trenin in CALGARY FIREMEN zone. 5:55 of 1st period - Jake McCabe is hit by Devon Toews and loses puck. 6:34 of 1st period - Shot by Trevor Moore. 6:34 of 1st period - Stopped by Samuel Ersson without a rebound. 6:35 of 1st period - Leon Draisaitl wins face-off versus Ryan Johansen in CALGARY FIREMEN zone. 6:50 of 1st period - Vince Dunn is hit by Mason Marchment and loses puck. 7:20 of 1st period - Icing by Vince Dunn. 7:21 of 1st period - Leon Draisaitl wins face-off versus Filip Forsberg in COLORADO GLACIERCATS zone. 8:20 of 1st period - Shot by Tage Thompson. 8:20 of 1st period - Stopped by Samuel Ersson without a rebound. 8:21 of 1st period - Brett Howden wins face-off versus Alexander Wennberg in CALGARY FIREMEN zone. 9:06 of 1st period - Erik Karlsson is hit by Michael McCarron and loses puck. 10:19 of 1st period - Icing by Jacob Bryson. 10:20 of 1st period - Anze Kopitar wins face-off versus Ryan Johansen in CALGARY FIREMEN zone. 10:20 of 1st period - Anze Kopitar is hit by Jacob Bryson. 10:24 of 1st period - Shot by Jamie Benn. 10:24 of 1st period - Shot Blocked by Mason Marchment. 10:38 of 1st period - Shot by Ryan Johansen. 10:38 of 1st period - Stopped by Andrei Vasilevskiy with a rebound. 10:42 of 1st period - Shot by Ryan Johansen. 10:42 of 1st period - Shot Misses the Net. 11:17 of 1st period - Shot by Mattias Janmark-Nylen. 11:17 of 1st period - Shot Misses the Net. 11:21 of 1st period - Shot by Jakob Silfverberg. 11:21 of 1st period - Shot Misses the Net. 11:27 of 1st period - Shot by Filip Forsberg. 11:27 of 1st period - Stopped by Andrei Vasilevskiy without a rebound. 11:28 of 1st period - Nic Dowd wins face-off versus Yakov Trenin in COLORADO GLACIERCATS zone. 12:04 of 1st period - Off-side. 12:05 of 1st period - Alexander Wennberg wins face-off versus Filip Forsberg in neutral zone. 13:06 of 1st period - Shot by Leon Draisaitl. 13:06 of 1st period - Shot Misses the Net. 14:20 of 1st period - Shot by Tage Thompson. 14:20 of 1st period - Stopped by Samuel Ersson without a rebound. 14:21 of 1st period - Alexander Wennberg wins face-off versus Ryan Johansen in CALGARY FIREMEN zone. 14:48 of 1st period - Shot by Alexander Wennberg. 14:48 of 1st period - Shot Misses the Net. 15:04 of 1st period - Jake McCabe is hit by Gustav Nyquist and loses puck. 15:17 of 1st period - Shot by Leon Draisaitl. 15:17 of 1st period - Shot Misses the Net. 15:19 of 1st period - Shot by Vladislav Gavrikov. 15:19 of 1st period - Shot Blocked by Jake McCabe. 15:39 of 1st period - Shot by Tomas Hertl. 15:39 of 1st period - Goal by Tomas Hertl - CALGARY FIREMEN : 0 - COLORADO GLACIERCATS : 3. 15:40 of 1st period - Anze Kopitar wins face-off versus Yakov Trenin in neutral zone. 15:53 of 1st period - Shot by Jamie Benn. 15:53 of 1st period - Stopped by Samuel Ersson without a rebound. 15:54 of 1st period - Leon Draisaitl wins face-off versus Andrew Poturalski in CALGARY FIREMEN zone. 15:57 of 1st period - Shot by Tomas Hertl. 15:57 of 1st period - Stopped by Samuel Ersson without a rebound. 15:58 of 1st period - Anze Kopitar wins face-off versus Yakov Trenin in CALGARY FIREMEN zone. 15:59 of 1st period - Shot by Tage Thompson. 15:59 of 1st period - Deflect By Jamie Benn. 15:59 of 1st period - Goal by Jamie Benn - CALGARY FIREMEN : 0 - COLORADO GLACIERCATS : 4. 15:59 of 1st period - Kevin Poulin enters game. 16:00 of 1st period - Yakov Trenin wins face-off versus Anze Kopitar in neutral zone. 16:00 of 1st period - Sonny Milano is hit by Jamie Benn and loses puck. 16:10 of 1st period - Icing by Anze Kopitar. 16:11 of 1st period - Brett Howden wins face-off versus Anze Kopitar in COLORADO GLACIERCATS zone. 16:32 of 1st period - Shot by Brett Howden. 16:32 of 1st period - Shot Misses the Net. 16:34 of 1st period - Shot by Nikita Zadorov. 16:34 of 1st period - Goal by Nikita Zadorov - CALGARY FIREMEN : 1 - COLORADO GLACIERCATS : 4. 16:35 of 1st period - Yakov Trenin wins face-off versus Leon Draisaitl in neutral zone. 16:39 of 1st period - Icing by Vince Dunn. 16:40 of 1st period - Leon Draisaitl wins face-off versus Yakov Trenin in COLORADO GLACIERCATS zone. 16:40 of 1st period - Leon Draisaitl is hit by Yakov Trenin. 16:54 of 1st period - Shot by Tomas Hertl. 16:54 of 1st period - Shot Misses the Net. 16:56 of 1st period - Shot by Leon Draisaitl. 16:56 of 1st period - Stopped by Kevin Poulin with a rebound. 17:00 of 1st period - Shot by Bryan Rust. 17:00 of 1st period - Stopped by Kevin Poulin without a rebound. 17:01 of 1st period - Oskar Lindblom wins face-off versus Jamie Benn in CALGARY FIREMEN zone. 17:13 of 1st period - Shot by Tage Thompson. 17:13 of 1st period - Stopped by Kevin Poulin with a rebound. 17:45 of 1st period - Shot by Jamie Benn. 17:45 of 1st period - Shot Blocked by Ryan Johansen. 18:09 of 1st period - Shot by Leon Draisaitl. 18:09 of 1st period - Stopped by Kevin Poulin without a rebound. 18:10 of 1st period - Gustav Nyquist wins face-off versus Yakov Trenin in CALGARY FIREMEN zone. 18:25 of 1st period - Shot by Trevor Moore. 18:25 of 1st period - Stopped by Kevin Poulin without a rebound. 18:26 of 1st period - Leon Draisaitl wins face-off versus Filip Forsberg in CALGARY FIREMEN zone. 18:43 of 1st period - Shot by Tomas Hertl. 18:43 of 1st period - Stopped by Kevin Poulin without a rebound. 18:44 of 1st period - Anze Kopitar wins face-off versus Yakov Trenin in CALGARY FIREMEN zone. 18:45 of 1st period - Shot by Tage Thompson. 18:45 of 1st period - Shot Misses the Net. 18:55 of 1st period - Shot by Yakov Trenin. 18:55 of 1st period - Stopped by Andrei Vasilevskiy without a rebound. 18:56 of 1st period - Filip Forsberg wins face-off versus Leon Draisaitl in COLORADO GLACIERCATS zone. Goals for this period are 1 for CALGARY FIREMEN vs 4 for COLORADO GLACIERCATS. Shots for this period are 7 for CALGARY FIREMEN vs 23 for COLORADO GLACIERCATS. 2nd period 0:01 of 2nd period - Anze Kopitar wins face-off versus Yakov Trenin in neutral zone. 0:13 of 2nd period - Shot by Anze Kopitar. 0:13 of 2nd period - Deflect By Jamie Benn. 0:13 of 2nd period - Stopped by Kevin Poulin with a rebound. 0:15 of 2nd period - Shot by Anze Kopitar. 0:15 of 2nd period - Stopped by Kevin Poulin without a rebound. 0:16 of 2nd period - Ryan Johansen wins face-off versus Nic Dowd in CALGARY FIREMEN zone. 0:46 of 2nd period - Shot by Mason Marchment. 0:46 of 2nd period - Shot Misses the Net. 1:48 of 2nd period - Shot by Tage Thompson. 1:48 of 2nd period - Shot Misses the Net. 2:01 of 2nd period - Icing by Vince Dunn. 2:02 of 2nd period - Anze Kopitar wins face-off versus Filip Forsberg in COLORADO GLACIERCATS zone. 2:16 of 2nd period - Shot by Mattias Janmark-Nylen. 2:16 of 2nd period - Shot Misses the Net. 2:18 of 2nd period - Shot by Filip Forsberg. 2:18 of 2nd period - Shot Misses the Net. 2:20 of 2nd period - Shot by Jacob Bryson. 2:20 of 2nd period - Shot Misses the Net. 2:22 of 2nd period - Shot by Mattias Janmark-Nylen. 2:22 of 2nd period - Shot Misses the Net. 2:34 of 2nd period - Jacob Bryson is hit by Jamie Benn and loses puck. 3:07 of 2nd period - Icing by Vince Dunn. 3:08 of 2nd period - Anze Kopitar wins face-off versus Yakov Trenin in COLORADO GLACIERCATS zone. 3:44 of 2nd period - Shot by Liam Foudy. 3:44 of 2nd period - Deflect By Yakov Trenin. 3:44 of 2nd period - Shot Misses the Net. 5:00 of 2nd period - Shot by Gustav Nyquist. 5:00 of 2nd period - Stopped by Kevin Poulin with a rebound. 5:21 of 2nd period - Shot by Gustav Nyquist. 5:21 of 2nd period - Stopped by Kevin Poulin without a rebound. 5:22 of 2nd period - Nic Dowd wins face-off versus Filip Forsberg in CALGARY FIREMEN zone. 5:47 of 2nd period - Shot by Leon Draisaitl. 5:47 of 2nd period - Shot Misses the Net. 6:22 of 2nd period - Yakov Trenin is hit by Cole Perfetti and loses puck. 6:38 of 2nd period - Alexander Wennberg is hit by Colton White and loses puck. 6:41 of 2nd period - Shot by Alexander Wennberg. 6:41 of 2nd period - Shot Misses the Net. 6:43 of 2nd period - Shot by Erik Karlsson. 6:43 of 2nd period - Shot Misses the Net. 6:45 of 2nd period - Shot by Erik Karlsson. 6:45 of 2nd period - Shot Misses the Net. 6:49 of 2nd period - Shot by Gustav Nyquist. 6:49 of 2nd period - Stopped by Kevin Poulin with a rebound. 6:51 of 2nd period - Shot by Alexander Wennberg. 6:51 of 2nd period - Shot Misses the Net. 7:03 of 2nd period - Shot by Alexander Wennberg. 7:03 of 2nd period - Stopped by Kevin Poulin without a rebound. 7:04 of 2nd period - Alexander Wennberg wins face-off versus Brett Howden in CALGARY FIREMEN zone. 7:05 of 2nd period - Shot by Erik Karlsson. 7:05 of 2nd period - Stopped by Kevin Poulin with a rebound. 7:06 of 2nd period - Minor Penalty to Nikita Zadorov for Hooking. 7:07 of 2nd period - Filip Forsberg wins face-off versus Trevor Moore in CALGARY FIREMEN zone. 8:26 of 2nd period - Kevin Shattenkirk is hit by Mason Marchment and loses puck. 8:33 of 2nd period - Shot by Devon Toews. 8:33 of 2nd period - Shot Misses the Net. 8:44 of 2nd period - Shot by Anze Kopitar. 8:44 of 2nd period - Shot Misses the Net. 9:10 of 2nd period - Shot by Leon Draisaitl. 9:10 of 2nd period - Stopped by Kevin Poulin with a rebound. 9:12 of 2nd period - Shot by Leon Draisaitl. 9:12 of 2nd period - Shot Misses the Net. 9:14 of 2nd period - Shot by Nic Dowd. 9:14 of 2nd period - Stopped by Kevin Poulin with a rebound. 10:30 of 2nd period - Shot by Trevor Moore. 10:30 of 2nd period - Shot Misses the Net. 10:34 of 2nd period - Shot by Trevor Moore. 10:34 of 2nd period - Shot Blocked by Sonny Milano. 10:54 of 2nd period - Icing by Vladislav Gavrikov. 10:55 of 2nd period - Jamie Benn wins face-off versus Brett Howden in COLORADO GLACIERCATS zone. 11:16 of 2nd period - Shot by Anze Kopitar. 11:16 of 2nd period - Shot Misses the Net. 11:18 of 2nd period - Shot by Anze Kopitar. 11:18 of 2nd period - Shot Blocked by Jacob Bryson. 11:24 of 2nd period - Shot by Jamie Benn. 11:24 of 2nd period - Shot Misses the Net. 11:26 of 2nd period - Shot by Anze Kopitar. 11:26 of 2nd period - Shot Misses the Net. 11:32 of 2nd period - Shot by Tage Thompson. 11:32 of 2nd period - Shot Misses the Net. 11:34 of 2nd period - Shot by Vince Dunn. 11:34 of 2nd period - Stopped by Kevin Poulin without a rebound. 11:35 of 2nd period - Jakob Silfverberg wins face-off versus Leon Draisaitl in CALGARY FIREMEN zone. 11:35 of 2nd period - Jakob Silfverberg is hit by Bryan Rust. 11:56 of 2nd period - Shot by Bryan Rust. 11:56 of 2nd period - Shot Misses the Net. 12:32 of 2nd period - Icing by Colton White. 12:33 of 2nd period - Ryan Johansen wins face-off versus Alexander Wennberg in CALGARY FIREMEN zone. 12:43 of 2nd period - Alexander Wennberg is hit by Colton White and loses puck. 12:58 of 2nd period - Shot by Ryan Johansen. 12:58 of 2nd period - Stopped by Andrei Vasilevskiy without a rebound. 12:59 of 2nd period - Brett Howden wins face-off versus Anze Kopitar in COLORADO GLACIERCATS zone.